 Dungeon Crawl Stone Soup version 0.28.0-53-g5a82cb258f (webtiles) character file.

Game seed: 12393969011522918419

213 ZappyNine the Shield-Bearer (level 6, -1/49 HPs)
             Began as a Formicid Fighter on June 30, 2022.
             Slain by a kobold
             ... wielding a +0 club
              (3 damage)
             ... on level 2 of the Dungeon.
             The game lasted 00:01:41 (2398 turns).

ZappyNine the Shield-Bearer (Formicid Fighter)      Turns: 2398, Time: 00:01:42

Health: -1/49      AC:  7    Str: 20    XL:     6   Next: 14%
Magic:  6/6        EV:  9    Int: 10    God:
Gold:   90         SH:  5    Dex: 10    Spells: 5/5 levels left

rFire   . . .      SeeInvis +   a - +0 flail
rCold   . . .      Faith    .   c - +0 buckler
rNeg    . . .      Spirit   .   b - +0 scale mail
rPois   .          Reflect  .   (helmet unavailable)
rElec   .          Harm     .   (no cloak)
rCorr   .          Rampage  .   (no gloves)
Will    .....                   (no boots)
Stlth   ..........              (no amulet)
HPRegen 0.16/turn               (no ring)
MPRegen 0.10/turn               (no ring)

@: mighty
A: permanent stasis, dig shafts and tunnels, antennae 3, four strong arms
a: Dig, Shaft Self


You were on level 2 of the Dungeon.
You visited 1 branch of the dungeon, and saw 2 of its levels.

You collected 90 gold pieces.

Inventory:

Hand Weapons
 a - a +0 flail (weapon)
Armour
 b - a +0 scale mail (worn)
 c - a +0 buckler (worn)
Scrolls
 e - a scroll of enchant weapon {unknown}
 f - a scroll of vulnerability {unknown}
 g - 4 scrolls of identify {unknown}
 h - 2 scrolls of noise {unknown}
 i - a scroll of fog {unknown}
Potions
 d - a potion of might
 j - a potion of lignification {unknown}


   Skills:
 + Level 4.4 Fighting
 + Level 3.3 Maces & Flails
 + Level 4.4 Armour
 + Level 4.9 Shields


You had 5 spell levels left.
You didn't know any spells.
Your spell library was empty.

Dungeon Overview and Level Annotations

Branches:
Dungeon (2/15)

Altars:

Annotations:
D:2 1 runed translucent door, Crazy Yiuf


Innate Abilities, Weirdness & Mutations

You cannot be hasted, slowed, berserked, paralysed or teleported.
You can dig through walls and to a lower floor.
You have a pair of large antennae on your head. (SInv)
Your four strong arms can wield two-handed weapons with a shield.


Message History

You are too injured to fight recklessly!
You are too injured to fight recklessly!
Unknown command.
Okay, then.
You feel very mighty all of a sudden.
You feel sick. You block Sigmund's attack.
Unknown command.
You closely miss Sigmund.
Sigmund is severely wounded.
You feel sick.
Sigmund hits you with a +2 scythe of venom.
* * * LOW HITPOINT WARNING * * *
You are lethally poisoned!
You sock Sigmund!
You kill Sigmund!
* * * LOW HITPOINT WARNING * * *
You feel very sick.
Your Fighting skill increases to level 4!
Your Maces & Flails skill increases to level 3!
Your Armour skill increases to level 4!
You have reached level 5!
You have reached level 6!
You barely miss the kobold.
* * * LOW HITPOINT WARNING * * *
You feel sick. The kobold hits you but does no damage.
You completely miss the kobold.
* * * LOW HITPOINT WARNING * * *
You feel sick. The kobold barely misses you. You block the kobold's attack.
You barely miss the kobold.
You feel sick. You block the kobold's attack.
You closely miss the kobold.
* * * LOW HITPOINT WARNING * * *
You feel sick. The kobold hits you but does no damage.
Unknown command.
You closely miss the kobold.
You feel sick. The kobold completely misses you.
Unknown command.
Unknown command.
You barely miss the kobold.
You feel sick.
You are no longer poisoned.
The kobold hits you with a +0 club.
You die...

#########..## #..........# .
#..........#
...###############..........#
............................#
#........###...........#
#......................#
#...........#########..#
########@##...<### #..#
##K#####...####..# ####..###
###.......## ###.......#
####<..... ##.........#
#.......
#..#.......#######.......
####.##....<........#)......
#.............#####.........
######.##.##[......###
#..##...#.


You could see a kobold.

Vanquished Creatures
  Sigmund (D:2)
  An adder (D:2)
  2 worms (D:2)
  A dart slug (D:1)
  2 ball pythons (D:1)
  4 bats
  3 endoplasms
  A giant cockroach (D:2)
  4 goblins
  2 hobgoblins
  3 jackals (D:2)
  4 kobolds
  A quokka (D:1)
  6 frilled lizards
  2 rats (D:1)
37 creatures vanquished.

Vanquished Creatures (others)
  20 plants (D:2)
20 creatures vanquished.

Grand Total: 57 creatures vanquished

Notes
Turn   | Place    | Note
-------+----------+-------------------------------------------
     0 | D:1      | ZappyNine the Formicid Fighter began the quest for the Orb.
     0 | D:1      | Reached XP level 1. HP: 18/18 MP: 1/1
   289 | D:1      | Reached XP level 2. HP: 24/24 MP: 2/2
   936 | D:2      | Reached XP level 3. HP: 29/29 MP: 3/3
  1730 | D:2      | Reached XP level 4. HP: 33/37 MP: 4/4
  1982 | D:2      | Found a runed translucent door.
  1983 | D:2      | Noticed Crazy Yiuf
  2047 | D:2      | Noticed Sigmund
  2392 | D:2      | Killed Sigmund
  2393 | D:2      | Reached XP level 5. HP: 8/43 MP: 5/5
  2393 | D:2      | Reached XP level 6. HP: 9/49 MP: 6/6
  2398 | D:2      | HP: 2/49 [poisoned by Sigmund]
  2398 | D:2      | Slain by a kobold

Illustrated notes

Levels and vault maps discovered:
D:1:      dpeg_arrival_shelter, layout_loops_corners
D:2:      layout_rooms, serial_bayou_lake_a, uniq_sigmund,
          uniq_crazy_yiuf_cottage

Skill      XL: |  1  2  3  4 |
---------------+-------------+-----
Shields        | 4 |  4.9
Fighting       | 4 |  4.4
Maces & Flails | 3 |  3.3
Armour         | 4 |  4.4

Action                   |  1- 3 |  4- 6 || total
-------------------------+-------+-------++-------
Melee: Flail             |   137 |    30 ||   167
  Use: Potion            |       |     1 ||     1
Armor: Scale mail        |    71 |    10 ||    81
Dodge: Dodged            |    93 |    13 ||   106
Block: Buckler           |    31 |    11 ||    42
